 Dungeon Crawl Stone Soup version 0.27-a0-650-g8dd3ea4f36 (webtiles) character file.

Game seed: 16474001263096695218

79 wakim the Stinger (level 4, -7/27 HPs)
             Began as an Octopode Venom Mage on Mar 15, 2021.
             Mangled by Sigmund
             ... wielding a +0 scythe
              (14 damage)
             ... on level 2 of the Dungeon.
             The game lasted 00:05:03 (1881 turns).

wakim the Stinger (Octopode Venom Mage)             Turns: 1881, Time: 00:05:04

Health: -7/27      AC:  1    Str:  7    XL:     4   Next: 38%
Magic:  5/8        EV: 13    Int: 18    God:
Gold:   139        SH:  0    Dex: 12    Spells: 5/8 levels left

rFire    . . .     SeeInvis .   a - +1 short sword (speed)
rCold    . . .     Faith    .   (no shield)
rNeg     . . .     Spirit   .   (helmet restricted)
rPois    .         Reflect  .   f - amulet of regeneration
rElec    .         Harm     .   j - ring of flight
rCorr    .         Rampage  .   (no ring)
Will     .....                  (no ring)
Stlth    ++........             (no ring)
HPRegen  1.09/turn              (no ring)
MPRegen  0.11/turn              (no ring)
                                (no ring)
                                (no ring)

@: confused
A: almost no armour, amphibious, 8 rings, camouflage 1, gelatinous body 1,
nimble swimmer 1, tentacles
a: Evoke Flight


You were on level 2 of the Dungeon.
You visited 1 branch of the dungeon, and saw 2 of its levels.

You collected 139 gold pieces.

Inventory:

Hand Weapons
 a - a +1 short sword of speed (weapon)
 b - a +0 hunting sling
Missiles
 i - 5 atropa-tipped darts
 s - 38 stones
Magical Staves
 c - a staff of death
Jewellery
 f - an amulet of regeneration (around mantle)
 j - a ring of flight (left tentacle)
Scrolls
 d - 3 scrolls of teleportation {unknown}
 l - a scroll of fear {unknown}
 m - 3 scrolls of immolation {unknown}
Potions
 e - a potion of lignification {unknown}
 g - a potion of magic {unknown}
 h - a potion of mutation {unknown}
 k - a potion of haste {unknown}


   Skills:
 - Level 2.0 Dodging
 + Level 3.9 Stealth
 + Level 2.7 Spellcasting
 - Level 1.0 Transmutations
 * Level 5.0 Poison Magic


You had 5 spell levels left.
You knew the following spells:

 Your Spells              Type           Power      Damage    Failure   Level
a - Sting                 Tmut/Pois      52%        1d5       4%          1
s - Poisonous Vapours     Pois/Air       22%        N/A       9%          2

Your spell library contained the following spells:

 Spells                   Type           Power      Damage    Failure   Level
 Ignite Poison            Fire/Tmut/Pois 9%         N/A       22%         3
 Olgreb's Toxic Radiance  Pois           20%        N/A       22%         4
 Mephitic Cloud           Conj/Pois/Air  8%         N/A       26%         3


Dungeon Overview and Level Annotations

Branches:
Dungeon (2/15)

Altars:
Cheibriados

Annotations:
D:2 Jessica, Sigmund


Innate Abilities, Weirdness & Mutations

You cannot wear most types of armour.
You are amphibious.
You can wear up to eight rings at the same time.
Your skin changes colour to match your surroundings (Stealth+).
Your rubbery body absorbs attacks. (AC +1, EV +1)
You are stealthy while swimming. (Stealth+)
You have tentacles for arms and can constrict up to eight enemies at once.


Message History

Poisonous vapours surround Sigmund!
Sigmund is engulfed in poison gas.
Sigmund looks even sicker.
Casting: Poisonous Vapours (safe; 9% risk of failure)
Confirm with . or Enter, or press ? or * to list all spells.
Aiming: Poisonous Vapours (safe; 9% risk of failure)
Press: ? - help, Dir - move target, f/p - Sigmund
Aim: Sigmund, wielding a +0 scythe and wearing a +0 robe (heavily wounded, very poisoned) Poisonous vapours surround Sigmund!
Sigmund is engulfed in poison gas.
Sigmund looks even sicker.
Sigmund drinks a potion.
Sigmund is healed!
Sigmund giggles. "Time to reap what you sow."
Sigmund gestures at himself while chanting.
Sigmund flickers and vanishes!
Deactivating autopickup; reactivate with Ctrl-A.
You are confused.
You bump into the rock wall.
Unknown command.
You bump into the rock wall.
You bump into the rock wall.
You feel less confused.
You hear some strange, mumbled words.
You are confused.
You bump into the rock wall.
You hear some strange, mumbled words.
You are more confused.
A magic dart appears from out of thin air!
The magic dart hits you!
A magic dart appears from out of thin air!
The magic dart hits you!
* * * LOW HITPOINT WARNING * * *
You hear some strange, mumbled words.
A magic dart appears from out of thin air!
The magic dart hits you.
* * * LOW HITPOINT WARNING * * *
You hear some strange, mumbled words.
You are more confused.
Something hits you.
* * * LOW HITPOINT WARNING * * *
Something hits you!
Ouch! That really hurt!
You die...

.####.. ............#####
......##...#........#
....##....##........#
..........####.....##
.......##..##......)#############
................................#
........##..........##########.##
..#..#..##.#.....{....# #.#
...........#....@..#.## ###.##
.......†....)........#### #.....
..>..........^.......)..####.####
...................#..#...##.#
......................###....#
......................# ##...#
...............#......# ##.##
...............#......# #..#
......................#####..#


There were no monsters in sight!

Vanquished Creatures
  Terence (D:2)
  An adder (D:2)
  An ooze (D:1)
  2 dart slugs (D:2)
  A leopard gecko (D:2)
  7 bats
  4 giant cockroaches
  4 goblins
  4 hobgoblins
  6 frilled lizards
  6 kobolds
  5 rats
42 creatures vanquished.

Vanquished Creatures (others)
  A plant (D:2)
  5 withered plants (D:2)
6 creatures vanquished.

Grand Total: 48 creatures vanquished

Notes
Turn   | Place    | Note
-------+----------+-------------------------------------------
     0 | D:1      | wakim the Octopode Venom Mage began the quest for the Orb.
     0 | D:1      | Reached XP level 1. HP: 11/11 MP: 3/3
   169 | D:1      | Reached skill level 4 in Poison Magic
   169 | D:1      | Reached XP level 2. HP: 17/17 MP: 3/5
   536 | D:1      | Learned a level 2 spell: Poisonous Vapours
   621 | D:1      | Reached XP level 3. HP: 20/21 MP: 6/6
  1135 | D:2      | Noticed Jessica
  1540 | D:2      | Found a snail-covered altar of Cheibriados.
  1633 | D:2      | Noticed Terence
  1641 | D:2      | Killed Terence
  1642 | D:2      | Reached skill level 5 in Poison Magic
  1642 | D:2      | Reached XP level 4. HP: 27/27 MP: 2/8
  1850 | D:2      | Noticed Sigmund
  1881 | D:2      | Mangled by Sigmund

Illustrated notes

Levels and vault maps discovered:
D:1:      dpeg_arrival_shrine, layout_rooms
D:2:      layout_rooms, grunt_temple_overflow_growth_and_decay,
          kennysheep_slug_shrine, uniq_jessica, uniq_sigmund, uniq_terence

Skill      XL: |  1  2  3 |
---------------+----------+-----
Stealth        | 3 |  3.9
Poison Magic   | 4 5 |  5.0
Dodging        | |  2.0
Spellcasting   | |  2.7
Transmutations | |  1.0

Action                   |  1- 3 |  4- 6 || total
-------------------------+-------+-------++-------
Melee: Whip              |     3 |       ||     3
       Tentacles         |     5 |       ||     5
       Short sword       |    15 |       ||    15
       Constrict         |     3 |       ||     3
 Cast: Sting             |    17 |       ||    17
       Poisonous Vapours |    22 |     7 ||    29
 Stab: Sleeping          |     1 |       ||     1
Armor: Skin              |     5 |       ||     5
Dodge: Dodged            |    20 |     1 ||    21

Table legend: (Time is in decaauts)
 A = Elapsed time spent in this place.
 B = Non-inter-level travel time spent in this place.
 C = Inter-level travel time spent in this place.
 D = Time resting spent in this place.
 E = Time spent auto-exploring this place.
 F = Levels seen in this place.
 G = Mean time per level.
                   A        B        C        D        E       F      G
               +--------+--------+--------+--------+--------+-----+--------+
         Total |   1880 |   1683 |    197 |      0 |   1310 |   2 |  940.0 |
       Dungeon |   1880 |   1683 |    197 |      0 |   1310 |   2 |  940.0 |
               +--------+--------+--------+--------+--------+-----+--------+

Top non-repeatable levels by time:
     D:1: 1280 daAuts
     D:2: 599 daAuts
